[Event "1.FrauenBL 2016-17"]
[Site "Berlin"]
[Date "2017.04.29"]
[Round "9.6"]
[White "Manusina, Nicole"]
[Black "v d  Weth-v  Nordheim, Petra"]
[Result "1-0"]
[ECO "D51"]
[WhiteElo "1908"]
[BlackElo "1978"]
[Annotator "NA"]
[PlyCount "55"]
[EventDate "2017.??.??"]
[EventType "team-tourn"]
[EventCountry "GER"]
[SourceTitle "playchess.com"]
[Source "ChessBase"]
[SourceQuality "1"]
[WhiteTeam "SK Lehrte"]
[BlackTeam "SV Medizin Erfurt"]
[TimeControl "40/6000+30:3000+30"]

1. d4 d5 2. c4 e6 3. Nc3 Nf6 4. Bg5 c6 5. e3 Bb4 6. Qc2 Nbd7 7. cxd5 exd5 8. Bd3 h6 9. Bh4 O-O 10. Nf3 Qa5 11. O-O Bxc3 12. bxc3 b5 13. a4 Qb6 14. Rfb1 Ba6 15. axb5 Bxb5 16. c4 dxc4 17. Bxc4 Rac8 18. Bxf6 Nxf6 19. Ne5 a6 20. Qf5 Qc7 21. Rc1 Qb7 22. Rab1 Rc7 23. Ba2 Ne8 24. Qf4 Nd6 25. Rc5 Qc8 26. Rbc1 Nb7 27. R5c3 Nd8 28. d5 1-0

[Event "1.FrauenBL 2016-17"]
[Site "Berlin"]
[Date "2017.04.29"]
[Round "9.7"]
[White "Tammert, Iamze"]
[Black "Brendel, Bergit"]
[Result "1-0"]
[ECO "B44"]
[WhiteElo "2290"]
[BlackElo "2094"]
[Annotator "NA"]
[PlyCount "85"]
[EventDate "2017.??.??"]
[EventType "team-tourn"]
[EventCountry "GER"]
[SourceTitle "playchess.com"]
[Source "ChessBase"]
[SourceQuality "1"]
[WhiteTeam "OSG Baden-Baden"]
[BlackTeam "Karlsruher SF"]
[TimeControl "40/6000+30:3000+30"]

1. c4 c5 2. Nc3 Nc6 3. Nf3 e6 4. d4 cxd4 5. Nxd4 Nf6 6. e4 Bb4 7. f3 Qa5 8. Nxc6 dxc6 9. Bd2 Qc7 10. Qe2 e5 11. Qf2 O-O 12. g4 Nd7 13. a3 Bc5 14. Be3 $17 Bxe3 15. Qxe3 Qb6 16. Nd1 Qxe3+ 17. Nxe3 Nc5 18. Rd1 Ne6 19. Nc2 Nf4 20. Kf2 Be6 21. Ne3 Rfd8 22. Be2 Rd4 23. b3 Rad8 24. Ng2 Rxd1 25. Rxd1 Rxd1 26. Bxd1 Nxg2 27. Kxg2 c5 28. g5 f6 29. gxf6 gxf6 30. f4 Bd7 31. Kg3 Kg7 32. Bh5 Bc6 33. Kf3 f5 34. fxe5 Bxe4+ 35. Kf4 b6 36. Be8 Kf8 37. Bd7 Bc2 38. b4 Bd3 39. bxc5 bxc5 40. Bxf5 Bxc4 41. Bxh7 Be2 42. Bf5 Ke7 43. Ke3 1-0

[Event "1.FrauenBL 2016-17"]
[Site "Berlin"]
[Date "2017.04.29"]
[Round "9.8"]
[White "Scheynin, Julia"]
[Black "Heinemann, Josefine"]
[Result "0-1"]
[ECO "B25"]
[WhiteElo "2028"]
[BlackElo "2237"]
[Annotator "NA"]
[PlyCount "88"]
[EventDate "2017.??.??"]
[EventType "team-tourn"]
[EventCountry "GER"]
[SourceTitle "playchess.com"]
[Source "ChessBase"]
[SourceQuality "1"]
[WhiteTeam "Karlsruher SF"]
[BlackTeam "OSG Baden-Baden"]
[TimeControl "40/6000+30:3000+30"]

1. e4 c5 2. Nc3 Nc6 3. g3 g6 4. Bg2 Bg7 5. f4 d6 6. d3 e6 7. Nf3 Nge7 8. O-O O-O 9. Bd2 Rb8 10. Rb1 b5 11. a3 b4 {[%emt 1:26:22] B25: Closed Sicilian: 3 g3, lines without early Be3} 12. axb4 cxb4 13. Ne2 Qb6+ (13... a5 14. b3 Ba6 15. Be3 Qc7 16. Rf2 d5 17. e5 Nf5 18. Qd2 Rfd8 19. g4 {0-1 (37) Vokac,M (2430)-Navara,D (2734) Czech Republic 2015}) 14. Kh1 a5 15. b3 Na7 16. Bc1 $146 (16. g4 Nb5 17. Qe1 Nc6 18. Qh4 Qd8 19. Qf2 {½-½ (61) Casper,T (2300)-Ftacnik,L Zinnowitz 1976}) 16... Nb5 17. Bb2 Bxb2 18. Rxb2 Bd7 19. Qd2 Rbc8 20. g4 f5 21. gxf5 exf5 $15 22. Ng3 Nc3 23. e5 Ned5 24. d4 Rce8 25. Ng5 Bc6 26. Re1 Qb7 27. Rg1 Nb6 28. h4 Bxg2+ 29. Rxg2 a4 30. bxa4 Nbxa4 31. Rb3 dxe5 32. dxe5 Rd8 33. Qf2 Rd5 34. Kh2 Nc5 35. h5 Nxb3 36. cxb3 Rd3 37. Nh3 Nd1 38. Qe2 Ne3 39. hxg6 Qxg2+ 40. Qxg2 Nxg2 41. gxh7+ Kxh7 42. Ng5+ Kg6 43. Kxg2 Rxb3 44. Nf3 Rxf3 {[%emt 0:58:49] Ne5+ 0:58:49 Rf2 0:58:49 Qh7 0:58:49 Rh8 0:58:49 Rd7 0:58:49} 0-1

[Event "1.FrauenBL 2016-17"]
[Site "Berlin"]
[Date "2017.04.29"]
[Round "9.8"]
[White "Dirmeier, Carolin"]
[Black "Birkholz, Olga"]
[Result "1-0"]
[ECO "B06"]
[WhiteElo "1950"]
[BlackElo "2082"]
[Annotator "NA"]
[PlyCount "41"]
[EventDate "2017.??.??"]
[EventType "team-tourn"]
[EventCountry "GER"]
[SourceTitle "playchess.com"]
[Source "ChessBase"]
[SourceQuality "1"]
[WhiteTeam "FC Bayern München"]
[BlackTeam "SG Augsburg"]
[TimeControl "40/6000+30:3000+30"]

1. e4 d6 2. d4 g6 3. Nf3 Bg7 4. Nc3 Bg4 5. Be3 Nc6 6. Be2 h5 7. Qd2 Bxf3 8. gxf3 e6 9. d5 exd5 10. Nxd5 Qd7 11. O-O-O a6 12. Bg5 Nd8 13. f4 Ne6 14. Bh4 Qa4 15. Kb1 Rc8 16. e5 g5 17. Bxg5 Nxg5 18. fxg5 Bxe5 19. f4 Bg7 20. Rhe1 Kd7 21. Nb6+ 1-0

[Event "1.FrauenBL 2016-17"]
[Site "Berlin"]
[Date "2017.04.29"]
[Round "9.9"]
[White "Brandt, Carina"]
[Black "Fuchs, Judith"]
[Result "0-1"]
[ECO "B15"]
[WhiteElo "2045"]
[BlackElo "2274"]
[Annotator "NA"]
[PlyCount "160"]
[EventDate "2017.??.??"]
[EventType "team-tourn"]
[EventCountry "GER"]
[SourceTitle "playchess.com"]
[Source "ChessBase"]
[SourceQuality "1"]
[WhiteTeam "TuRa Harksheide"]
[BlackTeam "Hamburger SK"]
[TimeControl "40/6000+30:3000+30"]

1. e4 c6 2. d4 d5 3. Nd2 dxe4 4. Nxe4 Nf6 5. Nxf6+ exf6 6. Nf3 Bd6 7. Bd3 O-O 8. O-O Qc7 9. c3 Bg4 10. h3 Bh5 11. Bf5 Re8 12. Qd3 Bg6 13. Nh4 Nd7 14. Bd2 Nf8 15. Nxg6 hxg6 16. Bg4 f5 17. Bf3 Ne6 18. b4 Rad8 19. Qc4 Qe7 20. Rfe1 Qh4 21. Qf1 Bb8 22. Rad1 Qe7 23. b5 Qd6 24. g3 f4 25. bxc6 bxc6 26. Qg2 Rc8 27. gxf4 c5 28. d5 Nxf4 29. Rxe8+ Rxe8 30. Bxf4 Qxf4 31. Qg4 Qf6 32. c4 Kh7 33. Kg2 Re5 34. h4 Rf5 35. Qh3 Rf4 36. h5 g5 37. Qg3 Bd6 38. Be2 Rh4 39. Qf3 Qe5 40. Bd3+ Kg8 41. Kf1 g4 42. Qe4 Qxe4 43. Bxe4 g3 44. Re1 gxf2 45. Kxf2 Rxh5 46. Bf3 Rh2+ 47. Bg2 Rh6 48. Re8+ Bf8 49. Bf3 Ra6 50. Kg3 g6 51. Re2 Ra4 52. Rc2 Bd6+ 53. Kg2 Kg7 54. Be2 Ra3 55. Bf3 Kf6 56. Rf2 Rc3 57. Be2+ Ke7 58. Bf1 Rg3+ 59. Kh1 Be5 60. Re2 Kd6 61. Re1 Ra3 62. Re2 g5 63. Rf2 f6 64. Re2 g4 65. Kg2 Rg3+ 66. Kf2 Rf3+ 67. Kg2 Rc3 68. Re1 f5 69. Rb1 Rc2+ 70. Kh1 g3 71. Bg2 Rxa2 72. Rc1 Bd4 73. Re1 a5 74. Rf1 Ra1 75. Rxa1 Bxa1 76. Bf3 a4 77. Bd1 a3 78. Bb3 Bf6 79. Kg2 f4 80. Kf3 Ke5 0-1

[Event "1.FrauenBL 2016-17"]
[Site "Berlin"]
[Date "2017.04.29"]
[Round "9.9"]
[White "Horvath, Maria"]
[Black "Vidonyak, Nellya"]
[Result "0-1"]
[ECO "A44"]
[WhiteElo "1983"]
[BlackElo "2120"]
[Annotator "NA"]
[PlyCount "81"]
[EventDate "2017.??.??"]
[EventType "team-tourn"]
[EventCountry "GER"]
[SourceTitle "playchess.com"]
[Source "ChessBase"]
[SourceQuality "1"]
[WhiteTeam "SG Augsburg"]
[BlackTeam "FC Bayern München"]
[TimeControl "40/6000+30:3000+30"]

1. d4 c5 2. d5 e5 3. e4 d6 4. Nc3 a6 5. a4 Be7 6. Nf3 Nf6 7. Be2 Nbd7 8. Nd2 b6 9. O-O Rb8 10. Bc4 Nf8 11. Qe2 Ra8 12. Nd1 Ng6 13. c3 Nf4 14. Qe1 Rb8 15. b4 b5 16. axb5 axb5 17. Be2 c4 18. f3 Qb6+ 19. Kh1 N6h5 20. g3 Nxe2 21. Qxe2 Bh3 22. Rf2 g6 23. Nb1 O-O 24. Be3 Qd8 25. Ra5 f5 26. exf5 gxf5 27. Ba7 Rb7 28. Qa2 Bg5 29. Qa1 f4 30. g4 Nf6 31. Nd2 Qd7 32. Re2 Nxg4 33. fxg4 Qxg4 34. Rf2 Bh4 35. Ne3 fxe3 36. Rxf8+ Kxf8 37. Qg1 exd2 38. Ra1 Qf5 39. Z0 Bg5 40. Z0 Qf2 41. Z0 {[%emt 0:06:25] Bc1 0:06:25} 0-1

[Event "1.FrauenBL 2016-17"]
[Site "Berlin"]
[Date "2017.04.29"]
[Round "9.10"]
[White "Klek, Hanna Marie"]
[Black "Videnova, Iva"]
[Result "1-0"]
[ECO "B52"]
[WhiteElo "2376"]
[BlackElo "2370"]
[Annotator "NA"]
[PlyCount "75"]
[EventDate "2017.??.??"]
[EventType "team-tourn"]
[EventCountry "GER"]
[SourceTitle "playchess.com"]
[Source "ChessBase"]
[SourceQuality "1"]
[WhiteTeam "SF Deizisau"]
[BlackTeam "SK Schwäbisch Hall"]
[TimeControl "40/6000+30:3000+30"]

1. e4 c5 2. Nf3 d6 3. Bb5+ Bd7 4. Bxd7+ Qxd7 5. c4 Nf6 6. Nc3 g6 7. d4 cxd4 8. Nxd4 Bg7 9. f3 O-O 10. Be3 Nc6 11. O-O e6 12. Rc1 Rfd8 13. b3 d5 14. cxd5 exd5 15. Nxc6 bxc6 16. exd5 cxd5 17. Bd4 Ne8 18. Re1 Bh6 19. Rc2 Nc7 20. Bf6 Re8 21. Be5 Rad8 22. Rce2 Ne6 23. Kh1 Bg5 24. Qd3 Qb7 25. f4 Bh4 26. Rd1 f6 27. f5 fxe5 28. fxe6 e4 29. Qd4 Rxe6 30. Nxd5 Qf7 31. Qc4 Red6 32. Red2 e3 33. Nf6+ Bxf6 34. Rxd6 Qxc4 35. bxc4 Kf7 36. Rxf6+ Ke7 37. Rxd8 e2 38. Re8+ 1-0

[Event "1.FrauenBL 2016-17"]
[Site "Berlin"]
[Date "2017.04.29"]
[Round "10"]
[White "Schulze, Lara"]
[Black "Baciu, Diana"]
[Result "0-1"]
[ECO "C03"]
[WhiteElo "2157"]
[BlackElo "2298"]
[Annotator "NA"]
[PlyCount "94"]
[EventDate "2017.??.??"]
[EventType "team-tourn"]
[EventCountry "GER"]
[SourceTitle "playchess.com"]
[Source "ChessBase"]
[SourceQuality "1"]
[WhiteTeam "SK Lehrte"]
[BlackTeam "Hamburger SK"]
[TimeControl "40/6000+30:3000+30"]

1. e4 e6 2. d4 d5 3. Nd2 h6 {[%emt 1:31:16] C03: French Tarrasch: Unusual Black 3rd moves} (3... c5 4. exd5 Qxd5 5. dxc5 Bxc5 6. Ngf3 Nf6 7. Bc4 Qc6 8. O-O Nbd7 9. Qe2 a6 10. a4 b6 11. Nb3 Bb7 12. Nxc5 Nxc5 13. b4 Ncd7 14. Rd1 O-O 15. b5 {½-½ (31) Zherebukh,Y (2605)-So,W (2822) Saint Louis 2017}) 4. Ngf3 Nf6 5. e5 Nfd7 6. c4 {[%emt 1:22:18] LiveBook: 24 Partien} c5 7. cxd5 exd5 8. Bd3 c4 $146 (8... Be7 9. O-O Nc6 10. Re1 Nf8 11. dxc5 {1-0 (29) Anton Guijarro,D (2635)-Suarez Gomez,J (2417) Linares 2015}) 9. Bc2 Nb6 10. O-O Nc6 11. Re1 Bg4 12. h3 Be6 13. Nf1 Qd7 14. N3h2 Be7 15. g4 {[%emt 0:52:23] [#]} h5 $1 16. Ng3 hxg4 17. hxg4 g6 18. Be3 O-O-O 19. g5 $19 Rh4 20. f3 Rdh8 21. Re2 Qd8 22. f4 Rh3 23. Rg2 Kb8 24. Ng4 Nb4 25. Nf2 R3h4 26. Bb1 Qg8 27. f5 Bd7 28. a3 Nd3 29. Nxd3 cxd3 30. Bxd3 Bxf5 31. Bxf5 gxf5 32. Qf3 Qh7 33. Qxf5 Rh1+ 34. Kf2 Rxa1 35. e6 fxe6 36. Qxh7 Rxh7 37. g6 Rg7 38. Nh5 Rg8 39. Bf4+ Kc8 40. g7 Rh1 41. Bh2 Nd7 42. Kf3 Nf6 43. Rc2+ Kd7 44. Rc7+ Ke8 45. Bd6 Nxh5 46. Rxe7+ Kd8 47. Rxb7 Rxg7 0-1

[Event "1.FrauenBL 2016-17"]
[Site "Berlin"]
[Date "2017.04.29"]
[Round "10"]
[White "Spiel, Marianne"]
[Black "Noppes, Marina"]
[Result "1-0"]
[ECO "B28"]
[WhiteElo "1921"]
[BlackElo "1992"]
[Annotator "NA RC"]
[PlyCount "63"]
[EventDate "2017.??.??"]
[EventType "team-tourn"]
[EventCountry "GER"]
[SourceTitle "playchess.com"]
[Source "ChessBase"]
[SourceQuality "1"]
[WhiteTeam "FC Bayern München"]
[BlackTeam "SF Deizisau"]
[TimeControl "40/6000+30:3000+30"]

1. e4 c5 2. Nf3 a6 3. d4 cxd4 4. Nxd4 e5 5. Nf3 Nc6 6. Bc4 h6 7. O-O Nf6 8. Re1 Bb4 9. c3 Bc5 10. h3 O-O 11. a4 d6 12. Nbd2 Qe7 13. Nf1 Be6 $11 14. Qd3 Bxc4 15. Qxc4 Qe6 16. Qxe6 fxe6 17. Ng3 d5 18. Be3 d4 19. Bd2 Nd7 20. Rad1 Rad8 21. cxd4 exd4 22. e5 Ba7 23. b4 d3 24. Bc3 Nb6 25. Ra1 Nd5 26. Bd2 Ndxb4 27. Rab1 a5 28. Ne4 Nd4 29. Nxd4 Rxd4 30. Bc3 Rc4 31. Bd2 Nc2 32. Rbc1 1-0

[Event "1.FrauenBL 2016-17"]
[Site "Berlin"]
[Date "2017.04.29"]
[Round "10.1"]
[White "Zahn, Alina"]
[Black "Duessler, Stefanie"]
[Result "0-1"]
[ECO "B26"]
[WhiteElo "2020"]
[BlackElo "2086"]
[Annotator "NA"]
[PlyCount "88"]
[EventDate "2017.??.??"]
[EventType "team-tourn"]
[EventCountry "GER"]
[SourceTitle "playchess.com"]
[Source "ChessBase"]
[SourceQuality "1"]
[WhiteTeam "Hamburger SK"]
[BlackTeam "SK Lehrte"]
[TimeControl "40/6000+30:3000+30"]

1. e4 c5 2. Ne2 e6 3. g3 Nc6 4. Nbc3 g6 5. Bg2 Bg7 6. O-O Nge7 7. d3 O-O 8. Be3 Nd4 9. Qd2 d6 10. Nd1 Nxe2+ 11. Qxe2 Rb8 12. c3 e5 13. f4 Qc7 14. Nf2 b5 15. fxe5 dxe5 16. Ng4 f5 17. Nh6+ Kh8 $11 18. Bg5 Rb6 19. Rf2 Be6 20. Raf1 c4 21. Rd1 Rd6 22. b3 Ng8 23. Nxg8 Bxg8 24. bxc4 Ra6 25. exf5 gxf5 26. Rdf1 bxc4 27. Rxf5 Rxf5 28. Rxf5 cxd3 29. Qxd3 Rxa2 30. Be3 Ra3 31. Bd2 Qc5+ 32. Be3 Qc7 33. Bd2 a5 34. Rf2 Ra1+ 35. Bf1 a4 36. Be3 Ra3 37. Bd2 Rb3 38. Qe4 a3 39. Bg5 Qxc3 40. Qa8 Qc5 41. Qd8 Rb2 42. Qf6 Qxf2+ 43. Qxf2 Rxf2 44. Kxf2 a2 0-1

[Event "1.FrauenBL 2016-17"]
[Site "Berlin"]
[Date "2017.04.29"]
[Round "10.2"]
[White "Troyke, Doreen"]
[Black "Brandt, Carina"]
[Result "1/2-1/2"]
[ECO "A86"]
[WhiteElo "2091"]
[BlackElo "2045"]
[Annotator "NA"]
[PlyCount "85"]
[EventDate "2017.??.??"]
[EventType "team-tourn"]
[EventCountry "GER"]
[SourceTitle "playchess.com"]
[Source "ChessBase"]
[SourceQuality "1"]
[WhiteTeam "SV Medizin Erfurt"]
[BlackTeam "TuRa Harksheide"]
[TimeControl "40/6000+30:3000+30"]

1. c4 g6 2. g3 Bg7 3. Bg2 d6 4. Nc3 e5 5. e3 f5 6. Nge2 Nf6 7. O-O O-O 8. d4 Nbd7 {[%emt 1:27:18] LiveBook: 5 Games} 9. b3 c6 10. Ba3 {[%emt 1:18:09] A86: Dutch Defence: Leningrad System: Unusual lines and 5 Nh3} Ne8 11. dxe5 Nxe5 12. Qd2 Nf7 $146 (12... Qa5 13. Bb2 Bd7 14. Rad1 Rd8 15. Qc2 Bc8 16. a3 Qc7 {1-0 (30) Raicevic,M (2372)-Micheli,C (2268) Rogaska Slatina 2012}) 13. Rad1 Qa5 14. Bb2 Ne5 15. f4 Ng4 16. h3 Ngf6 17. Kh2 Be6 18. Nd4 Bf7 19. Rfe1 $14 Rd8 20. Nf3 Nc7 21. e4 fxe4 22. Nxe4 Qxd2 23. Rxd2 Nxe4 24. Rxe4 Bxb2 25. Rxb2 Rde8 26. Rbe2 d5 27. cxd5 Nxd5 28. Rxe8 Rxe8 29. Ne5 a5 30. Rd2 Be6 31. Bf3 a4 32. bxa4 Ra8 33. Rb2 Rxa4 34. Rxb7 Rxa2+ 35. Kg1 Rc2 36. h4 Rc3 37. Ra7 c5 38. Ra6 Bf7 39. Ra8+ Kg7 40. Ra7 Kg8 41. Ra8+ Kg7 42. Ra7 Kg8 43. Rd7 {[%emt 0:17:53] Rxg3 0:17:53 Kf2# 0:17:53} 1/2-1/2

[Event "1.FrauenBL 2016-17"]
[Site "Berlin"]
[Date "2017.04.29"]
[Round "10.2"]
[White "Boehm, Jana"]
[Black "Schmidt, Jade"]
[Result "1-0"]
[ECO "B67"]
[WhiteElo "1963"]
[BlackElo "2072"]
[Annotator "NA RC"]
[PlyCount "67"]
[EventDate "2017.??.??"]
[EventType "team-tourn"]
[EventCountry "GER"]
[SourceTitle "playchess.com"]
[Source "ChessBase"]
[SourceQuality "1"]
[WhiteTeam "SK Lehrte"]
[BlackTeam "Hamburger SK"]
[TimeControl "40/6000+30:3000+30"]

1. e4 c5 2. Nf3 d6 3. d4 cxd4 4. Nxd4 Nf6 5. Nc3 Nc6 6. Bg5 e6 7. Qd2 a6 8. O-O-O Bd7 9. Kb1 b5 10. f3 {[%emt 1:24:20] LiveBook: 55 Partien} Be7 11. h4 {[%emt 1:30:02] B67: Sicilian: Richter-Rauzer: 7...a6 8 0-0-0 Bd7, lines without 9 f4 Be7} h6 12. Be3 Ne5 13. g4 $146 (13. Bd3 Qc7 14. g4 b4 15. Nce2 Nxd3 16. cxd3 e5 17. Rc1 Qb7 18. Nf5 Bxf5 19. gxf5 {1-0 (42) Korneev,O (2638)-Markus,R (2586) Vrsac 2006}) 13... b4 14. Nce2 Nc4 15. Qd3 Bb5 16. Nxb5 axb5 17. Nc1 Nd7 18. Qb3 Nxe3 $16 (18... Qc7 $11) 19. Qxe3 Qa5 20. f4 Nc5 21. Bg2 Ra7 22. e5 d5 23. f5 Nd7 24. g5 Nb6 25. fxe6 fxe6 26. Qh3 hxg5 27. Qxe6 gxh4 28. Qc6+ Nd7 29. e6 Rh6 30. Qc8+ Bd8 31. exd7+ Kf8 32. Qc5+ Kg8 33. Qxd5+ Kh8 34. Rde1 1-0

[Event "1.FrauenBL 2016-17"]
[Site "Berlin"]
[Date "2017.04.29"]
[Round "10.3"]
[White "Scognamiglio, Stefanie"]
[Black "Zschischang, Marine"]
[Result "1/2-1/2"]
[ECO "B20"]
[WhiteElo "2086"]
[BlackElo "2037"]
[Annotator "NA RC"]
[PlyCount "78"]
[EventDate "2017.??.??"]
[EventType "team-tourn"]
[EventCountry "GER"]
[SourceTitle "playchess.com"]
[Source "ChessBase"]
[SourceQuality "1"]
[WhiteTeam "Hamburger SK"]
[BlackTeam "SK Lehrte"]
[TimeControl "40/6000+30:3000+30"]

1. e4 e6 2. d3 c5 3. g3 Nc6 4. Bg2 g6 5. Ne2 Bg7 6. c4 e5 7. O-O d6 8. h3 h6 9. Nbc3 Nge7 10. Nd5 Nxd5 11. exd5 Ne7 12. Bd2 a5 13. Nc3 Nf5 14. Kh2 O-O 15. Rb1 Bd7 16. Ne4 Ra6 17. f4 exf4 $15 18. Bxf4 g5 19. Bd2 Nd4 20. Bc3 f5 21. Nd2 Be5 22. Nf3 Nxf3+ 23. Qxf3 Ra8 24. Bxe5 dxe5 25. a3 b5 26. d6 Qf6 27. Qd5+ Kh8 28. Rbe1 Rfe8 29. Qxc5 Rac8 30. Qb6 bxc4 31. dxc4 Rxc4 32. Qxa5 Qxd6 33. Rc1 Rxc1 34. Rxc1 f4 35. gxf4 gxf4 36. Qc7 Qd2 37. Rc2 Qd3 38. Rc3 Qd2 39. Rc2 Qd3 1/2-1/2

[Event "1.FrauenBL 2016-17"]
[Site "Berlin"]
[Date "2017.04.29"]
[Round "10.4"]
[White "Markgraf, Claudia"]
[Black "Bluebaum, Bettina"]
[Result "1-0"]
[ECO "C02"]
[WhiteElo "1959"]
[BlackElo "1987"]
[Annotator "NA"]
[PlyCount "85"]
[EventDate "2017.??.??"]
[EventType "team-tourn"]
[EventCountry "GER"]
[SourceTitle "playchess.com"]
[Source "ChessBase"]
[SourceQuality "1"]
[WhiteTeam "SK Lehrte"]
[BlackTeam "Hamburger SK"]
[TimeControl "40/6000+30:3000+30"]

1. e4 e6 2. d4 d5 3. e5 c5 4. c3 Nc6 5. Nf3 Bd7 6. a3 f6 7. Be2 Qc7 8. Bf4 h6 9. Bg3 f5 10. h4 c4 11. Nbd2 Na5 12. h5 O-O-O 13. Nh4 Ne7 14. Rb1 Kb8 15. O-O Rg8 16. Re1 $11 Be8 17. Bf3 g5 18. hxg6 Bxg6 19. Nxg6 Nxg6 20. Qc2 f4 21. Bh2 Qg7 22. Kh1 Nh4 23. Rg1 Qg5 24. b3 cxb3 25. Qd3 Nf5 26. Nxb3 Nc4 27. Nd2 Nb6 28. Nf1 Rg7 29. g3 fxg3 30. Nxg3 Nxg3+ 31. Rxg3 Qe7 32. Rxg7 Bxg7 33. Rg1 Qf7 34. Bg3 Rf8 35. Bg4 h5 36. Bh3 Bh6 37. Bh4 Nc4 38. Qg6 Bd2 39. Qxf7 Rxf7 40. Bxe6 Rf3 41. Rg8+ Kc7 42. Rc8+ Kb6 43. Bd8+ {[%emt 0:31:51] --- 0:21:09 Rc7 0:21:09 Rf5 0:21:09 Bc7 0:21:09 Ne3 0:21:09 Bf7+ 0:21:09 --- 0:21:09 Rg7+ 0:21:09} 1-0

[Event "1.FrauenBL 2016-17"]
[Site "Berlin"]
[Date "2017.04.29"]
[Round "10.5"]
[White "Koehler, Inken"]
[Black "v.d. Weth-v. Nordheim, Petra"]
[Result "1-0"]
[ECO "B30"]
[WhiteElo "1968"]
[BlackElo "1983"]
[Annotator "NA RC"]
[PlyCount "104"]
[EventDate "2017.??.??"]
[EventType "team-tourn"]
[EventCountry "GER"]
[SourceTitle "playchess.com"]
[Source "ChessBase"]
[SourceQuality "1"]
[WhiteTeam "TuRa Harksheide"]
[BlackTeam "SV Medizin Erfurt"]
[TimeControl "40/6000+30:3000+30"]

1. e4 c5 2. Nf3 Nc6 3. Bb5 d5 4. exd5 Qxd5 5. Nc3 Qe6+ 6. Qe2 Qxe2+ 7. Nxe2 Bd7 8. d4 e6 9. c3 cxd4 10. Nexd4 Nxd4 11. Nxd4 e5 12. Bxd7+ Kxd7 13. Nf3 f6 14. Be3 Ne7 15. O-O-O+ Ke6 16. Bc5 Nc6 17. Bxf8 Rhxf8 18. Rhe1 $11 Rfd8 19. Nd4+ Nxd4 20. cxd4 Rac8+ 21. Kb1 Rc4 22. dxe5 Rxd1+ 23. Rxd1 fxe5 24. b3 Rc7 25. Rd3 Kf5 26. Kb2 Ke4 27. Rc3 Rf7 28. f3+ Kd4 29. Kc2 b5 30. Rd3+ Kc5 31. Re3 Kd4 32. Rd3+ Kc5 33. Rd8 Re7 34. Kd3 Kb4 35. Ke4 Kc3 36. Rd5 Kb4 37. g4 g5 38. Rxe5 Rxe5+ 39. Kxe5 Ka3 40. Kf5 Kxa2 41. Kxg5 a5 42. f4 b4 43. f5 a4 44. bxa4 b3 45. f6 b2 46. f7 b1=Q 47. f8=Q Qc1+ 48. Kh5 Qc2 49. Qf4 Ka3 50. a5 Qc6 51. Qf5 Qc7 52. h4 Qd8 1-0

[Event "1.FrauenBL 2016-17"]
[Site "Berlin"]
[Date "2017.04.29"]
[Round "10.6"]
[White "Schneider, Veronika"]
[Black "Scheynin, Julia"]
[Result "1-0"]
[ECO "C06"]
[WhiteElo "2230"]
[BlackElo "2028"]
[Annotator "NA RC"]
[PlyCount "87"]
[EventDate "2017.??.??"]
[EventType "team-tourn"]
[EventCountry "GER"]
[SourceTitle "playchess.com"]
[Source "ChessBase"]
[SourceQuality "1"]
[WhiteTeam "SC Bad Königshofen"]
[BlackTeam "Karlsruher SF"]
[TimeControl "40/6000+30:3000+30"]

1. e4 e6 2. d4 d5 3. Nd2 Nf6 4. e5 Nfd7 5. c3 c5 6. Bd3 Nc6 7. Ne2 cxd4 8. cxd4 f6 9. exf6 Nxf6 10. O-O Bd6 11. Nf3 Qc7 12. Nc3 a6 13. Be3 {[%emt 1:32:45] C06: Französische Verteidigung (Tarrasch-Variante)} (13. Bd2 O-O 14. Rc1 Bd7 15. Re1 Rae8 16. Na4 Bc8 17. Ne5 Qb8 18. Bf4 Nxd4 19. Bxh7+ Kxh7 20. Qxd4 Ne4 {1-0 (33) Shankland,S (2652)-Michiels,B (2563) Wijk aan Zee 2015}) 13... O-O {[%emt 1:29:30] LiveBook: 34 Games} 14. Rc1 Bd7 15. Na4 Rae8 16. Nc5 Re7 17. Nxd7 Rxd7 $146 (17... Qxd7 18. Re1 Bb8 19. Bg5 Ba7 20. Bh4 Qd6 {1-0 (52) Dvoirys,S (2550)-Gorodetzky,D (2371) Jerusalem 2015}) 18. Re1 Qb6 19. Qe2 Re7 20. Red1 Nb4 21. Bb1 Qd8 22. Bg5 Qe8 (22... Nc6 $14) 23. Ne5 Rc7 24. Rxc7 Bxc7 25. a3 Nc6 26. Nxc6 Qxc6 27. Re1 Re8 28. Bxf6 gxf6 29. Qg4+ Kh8 30. Qh5 Re7 31. Qh6 Rf7 32. Bxh7 $18 Bxh2+ 33. Kf1 Bf4 34. Qxf4 Kxh7 35. Qh4+ Kg7 36. Qg4+ Kf8 37. Qxe6 Qc4+ 38. Kg1 Qxd4 39. Qc8+ Kg7 40. Re3 Qd1+ 41. Kh2 Qh5+ 42. Rh3 Qe5+ 43. Rg3+ Kh6 44. Qg8 1-0

[Event "1.FrauenBL 2016-17"]
[Site "Berlin"]
[Date "2017.04.29"]
[Round "10.6"]
[White "Kube, Hannelore"]
[Black "Tran, My Linh"]
[Result "0-1"]
[ECO "A24"]
[WhiteElo "1930"]
[BlackElo "1990"]
[Annotator "NA RC"]
[PlyCount "49"]
[EventDate "2017.??.??"]
[EventType "team-tourn"]
[EventCountry "GER"]
[SourceTitle "playchess.com"]
[Source "ChessBase"]
[SourceQuality "1"]
[WhiteTeam "SV Medizin Erfurt"]
[BlackTeam "TuRa Harksheide"]
[TimeControl "40/6000+30:3000+30"]

1. c4 Nf6 2. Nc3 g6 3. g3 Bg7 4. Bg2 O-O 5. e4 d6 6. Nge2 e5 7. d3 Nbd7 8. O-O Ne8 9. f4 f5 10. Be3 Ndf6 11. h3 c6 12. Qd2 Be6 13. Rad1 fxe4 14. fxe5 $15 (14. dxe4 $11 exf4 15. Rxf4 (15. gxf4 Bxc4 16. b3 Bxe2 17. Qxe2 Nh5 $11)) 14... dxe5 15. Nxe4 Nxe4 16. Rxf8+ Bxf8 17. Bxe4 Bxh3 18. Bh6 Nd6 19. Nc3 Qd7 20. Qg5 Nf7 21. Qh4 Bxh6 22. Bd5 cxd5 23. Nxd5 Bg5 24. Qe4 Qg4 25. Ne7+ {[%emt 0:02:10] Bd2 0:02:10 b4 0:02:10 Qe2 0:02:10 Bd7 0:02:10 --- 0:02:10 Rc7 0:02:10} 0-1

[Event "1.FrauenBL 2016-17"]
[Site "Berlin"]
[Date "2017.04.29"]
[Round "11"]
[White "Muetsch, Annmarie"]
[Black "Roos, Kseniya"]
[Result "1-0"]
[ECO "B15"]
[WhiteElo "2108"]
[BlackElo "2205"]
[Annotator "NA"]
[PlyCount "69"]
[EventDate "2017.??.??"]
[EventType "team-tourn"]
[EventCountry "GER"]
[SourceTitle "playchess.com"]
[Source "ChessBase"]
[SourceQuality "1"]
[WhiteTeam "SK Schwäbisch Hall"]
[BlackTeam "FC Bayern München"]
[TimeControl "40/6000+30:3000+30"]

1. e4 g6 2. d4 Bg7 3. Nc3 c6 4. f4 d5 5. e5 h5 6. Bd3 Nh6 7. Nf3 {[%emt 1:25:07] B15: Caro-Kann: 3 Nc3: 3...g6 and 3...dxe4 4 Nxe4 Nf6 5 Nxf6+ exf6} Nf5 8. O-O b6 $146 (8... Qb6 9. Na4 Qa5 10. c3 e6 11. Ng5 Nd7 12. Bd2 Qc7 13. Bxf5 gxf5 14. Rf3 Nf8 {1-0 (23) Rios,E (2150)-Li Torres,M (2380) Cienfuegos 1996}) 9. Ne2 O-O 10. Bxf5 Bxf5 11. Ng3 e6 12. Nxf5 exf5 13. Re1 Re8 14. h3 Nd7 15. Nh2 Nf8 16. Be3 Ne6 17. c3 Rc8 18. Qf3 Qh4 19. Re2 Bh6 20. g4 Kh7 21. g5 Bf8 22. Rf1 c5 {[%emt 0:07:02] [#]} 23. Qg2 $1 cxd4 $18 24. cxd4 Rc4 25. Nf3 Nxf4 26. Nxh4 Nxg2 27. Nxg2 Rec8 28. Nf4 Rc2 29. Rff2 R2c4 30. Nxd5 b5 31. Nf6+ Kg7 32. d5 Bb4 33. d6 a6 34. d7 Rd8 35. Bb6 1-0